 Dungeon Crawl Stone Soup version 0.28-a0-1206-g193881aaa2 (webtiles) character file.

Game seed: 3238518970381231958

1698 fragbeetle the Spear-Bearer (level 9, -6/68 HPs)
             Began as a Merfolk Gladiator on Dec 20, 2021.
             Was a Follower of Okawaru.
             Mangled by Joseph (12 damage)
             ... on level 7 of the Dungeon.
             The game lasted 00:21:27 (8708 turns).

fragbeetle the Spear-Bearer (Merfolk Gladiator)     Turns: 8708, Time: 00:21:27

Health: -6/68      AC:  7    Str: 17    XL:     9   Next: 3%
Magic:  9/9        EV: 15    Int:  9    God:    Okawaru [*.....]
Gold:   296        SH:  0    Dex: 15    Spells: 6/8 levels left

rFire   . . .      SeeInvis .   a - +0 trident
rCold   . . .      Faith    .   (no shield)
rNeg    . . .      Spirit   .   C - +1 leather armour {rC+}
rPois   .          Reflect  .   y - +2 hat
rElec   +          Harm     .   (no cloak)
rCorr   .          Rampage  .   (no gloves)
Will    .....                   B - +0 pair of boots
Stlth   +.........              A - amulet of Umpona {Acrobat +Inv rElec rC-}
HPRegen 0.21/turn               (no ring)
MPRegen 0.11/turn               (no ring)

@: no status effects
A: (nimble swimmer 2), mertail
a: Renounce Religion, Evoke Invisibility, Heroism


You were on level 7 of the Dungeon.
You worshipped Okawaru.
Okawaru was aware of your devotion.
You visited 2 branches of the dungeon, and saw 8 of its levels.

You collected 296 gold pieces.

Inventory:

Hand Weapons
 a - a +0 trident (weapon)
Missiles
 c - 11 poisoned darts
 d - 2 throwing nets
 g - 189 stones (quivered)
Armour
 q - a +1 helmet
 y - a +2 hat (worn)
 B - a +0 pair of boots (worn)
 C - a +1 leather armour of cold resistance (worn)
 J - the +3 kite shield "Ychireru" {+Blink rElec rC-}
   (You found it on level 7 of the Dungeon)

   rC:        It makes you vulnerable to cold.
   rElec:     It insulates you from electricity.
   +Blink:    It lets you blink.
Jewellery
 A - the amulet of Umpona (around neck) {Acrobat +Inv rElec rC-}
   (You found it on level 5 of the Dungeon)

   [amulet of the acrobat]

   It increases your evasion while moving and waiting.
   rC:        It makes you vulnerable to cold.
   rElec:     It insulates you from electricity.
   +Inv:      It lets you turn invisible.
Wands
 E - a wand of iceblast (5)
 I - a wand of mindburst (8)
Scrolls
 b - a scroll of identify {unknown}
 f - a scroll of blinking {unknown}
 h - 3 scrolls of teleportation {unknown}
 i - a scroll of amnesia {unknown}
 l - 2 scrolls of immolation {unknown}
 m - 2 scrolls of fear {unknown}
 n - 2 scrolls of enchant armour {unknown}
 p - a scroll of silence {unknown}
 s - a scroll of magic mapping {unknown}
 w - a scroll of noise {unknown}
 x - 2 scrolls of vulnerability {unknown}
 F - a scroll of holy word {unknown}
 H - a scroll of enchant weapon {unknown}
Potions
 e - a potion of might {unknown}
 j - 2 potions of flight {unknown}
 k - 2 potions of resistance {unknown}
 o - 2 potions of lignification {unknown}
 r - 4 potions of curing {unknown}
 t - 2 potions of degeneration {unknown}
 u - 3 potions of mutation {unknown}
 v - a potion of berserk rage {unknown}
 z - 2 potions of haste {unknown}
 D - a potion of ambrosia {unknown}
 G - a potion of brilliance {unknown}


   Skills:
 + Level 5.5 Fighting
 * Level 10.3 Polearms
 + Level 4.9 Throwing
 - Level 7.1 Dodging
 + Level 0.3 Shields
 + Level 0.2 Spellcasting
 - Level 5.2 Transmutations


You had 6 spell levels left.
You knew the following spells:

 Your Spells              Type           Power      Damage    Failure   Level
a - Wereblood             Tmut           9%         N/A       9%          2

Your spell library contained the following spells:

 Spells                   Type           Power      Damage    Failure   Level
 Foxfire                  Conj/Fire      0%         2x1d4     45%         1
 Sublimation of Blood     Necr           0%         N/A       58%         2
 Ignite Poison            Fire/Tmut/Pois 3%         N/A       58%         3
 Conjure Flame            Conj/Fire      0%         6-21      83%         3
 Inner Flame              Hex/Fire       0%         N/A       83%         3
 Flame Wave               Conj/Fire      0%         2d4       99%         4
 Sticky Flame             Conj/Fire      0%         2d3       99%         4
 Summon Hydra             Summ           Unusable   N/A       N/A         7

Dungeon Overview and Level Annotations

Branches:
Dungeon (7/15)             Temple (1/1) D:6

Altars:
Ashenzari
Cheibriados
Elyvilon
Gozag
Hepliaklqana
Kikubaaqudgha
Nemelex Xobeh
Okawaru
Ru
Sif Muna
Trog
Uskayaw
Vehumet
Wu Jian
Xom

Annotations:
D:3 1 runed translucent door, Crazy Yiuf, Sigmund
D:4 2 transporters, AigisTheKnight's ghost, amateur DrAE
D:5 5 runed translucent doors
D:7 Joseph


Innate Abilities, Weirdness & Mutations

((You are quick and stealthy near water. (Stealth+, EV+, Speed+++)))
Your lower body shifts to a powerful aquatic tail in water.


Message History

Aim: Joseph, wielding a +1 vorpal hunting sling, wearing a +0 leather armour and quivering sling bullets (lightly wounded, chance to affect: 48%) Joseph resists with some effort.
Joseph shouts, "Intruder!"
Aiming: Iceblast
Press: ? - help, Shift-Dir - straight line, f/p - Joseph
Aim: Joseph, wielding a +1 vorpal hunting sling, wearing a +0 leather armour and quivering sling bullets (lightly wounded)
The mass of ice explodes!
The iceblast engulfs Joseph!
Joseph is moderately wounded.
You hear a shout!
You closely miss Joseph.
Joseph is moderately wounded.
Joseph unwields a +1 vorpal hunting sling.
Joseph wields a +0 quarterstaff.
Joseph barely misses you.
You barely miss Joseph.
Joseph is moderately wounded.
Joseph says, "You will never get the ORB, sorry."
Joseph hits you with a +0 quarterstaff!
You puncture Joseph!
Joseph is heavily wounded.
Joseph hits you with a +0 quarterstaff!
You hit Joseph but do no damage.
Joseph is heavily wounded.
You hit Joseph but do no damage.
Joseph is heavily wounded.
Joseph hits you with a +0 quarterstaff!
* * * LOW HITPOINT WARNING * * *
You puncture Joseph!
Joseph is severely wounded.
Joseph closely misses you.
You barely miss Joseph.
Joseph is severely wounded.
Joseph hits you with a +0 quarterstaff!
* * * LOW HITPOINT WARNING * * *
Okay, then.
You barely miss Joseph.
Joseph is severely wounded.
You hit Joseph but do no damage.
Joseph is severely wounded.
Joseph hits you with a +0 quarterstaff!
You die...

#.#.#
#.##..g###...
#.#.#
#........#...
#.#.#
#............
#.#.#
#....@...#...
#.#.#
#.##...#####.
#.#.# #......#
#g.
#.#)####.###..#
#..
#..@..)....)..#
#..
###@..[.......#
#..
#####.[##.#.#
#.. #.###.#...
... #.#
#.#####... #.#
#.#####...
#.###.........
#...........@.
#..########g..
#..# .#.


You could see Joseph.

Vanquished Creatures
  Edmund (D:5)
  An ice beast (D:6)
  A sky beast (D:6)
  2 black bears
  6 ogres
  3 bullfrogs
  A scorpion (D:6)
  A hound (D:6)
  A centaur skeleton (D:6)
  A gnoll shaman (D:6)
  An orc priest (D:6)
  2 iguanas
  An orc wizard (D:4)
  2 howler monkey skeletons
  8 gnolls
  9 adders
  3 worms
  3 dart slugs
  7 orcs
  10 ball pythons
  5 bats
  5 endoplasms
  3 giant cockroaches
  13 hobgoblins
  2 jackals (D:3)
  7 kobolds
  4 quokkas
  5 frilled lizards
  10 goblins
  6 rats
124 creatures vanquished.

Notes
Turn   | Place    | Note
-------+----------+-------------------------------------------
     0 | D:1      | fragbeetle the Merfolk Gladiator began the quest for the
                  | Orb.
     0 | D:1      | Reached XP level 1. HP: 16/16 MP: 1/1
   236 | D:1      | You fall into a shaft and drop 1 floor!
   276 | D:1      | Reached XP level 2. HP: 23/23 MP: 2/2
   417 | D:1      | Reached skill level 5 in Polearms
   500 | D:1      | Reached XP level 3. HP: 24/28 MP: 3/3
   659 | D:1      | Found a faded altar of an unknown god.
  1099 | D:2      | Learned a level 2 spell: Wereblood
  1168 | D:2      | Reached XP level 4. HP: 20/34 MP: 4/4
  2409 | D:3      | Reached skill level 1 in Transmutations
  2800 | D:3      | Reached XP level 5. HP: 41/41 MP: 5/5
  2849 | D:3      | Found a runed translucent door.
  2850 | D:3      | Noticed Crazy Yiuf
  2867 | D:3      | Noticed Sigmund
  3260 | D:3      | Reached skill level 6 in Polearms
  3402 | D:4      | Found a transporter.
  3403 | D:4      | Noticed AigisTheKnight's ghost (amateur DrAE)
  3412 | D:4      | Noticed a necrophage
  3432 | D:4      | Found a transporter.
  3606 | D:4      | Found a sacrificial altar of Ru.
  3695 | D:4      | Reached skill level 5 in Dodging
  3746 | D:4      | Found a hide-covered altar of Uskayaw.
  4007 | D:4      | Reached XP level 6. HP: 47/47 MP: 6/6
  4039 | D:5      | Entered Level 5 of the Dungeon
  4225 | D:5      | Reached skill level 7 in Polearms
  4410 | D:5      | Noticed a redback
  4421 | D:5      | Found a runed translucent gate.
  4421 | D:5      | Found a runed translucent gate.
  4421 | D:5      | Noticed a redback
  4422 | D:5      | Noticed a redback
  4422 | D:5      | Noticed a redback
  4422 | D:5      | Noticed a water moccasin
  4423 | D:5      | Noticed a water moccasin
  4424 | D:5      | Noticed a water moccasin
  4424 | D:5      | Found a runed translucent gate.
  4432 | D:5      | Found a runed translucent door.
  4440 | D:5      | Found the +9 staff of Olgreb {rPois∞}
  4444 | D:5      | Found a runed translucent door.
  4532 | D:5      | Identified the amulet of Umpona {Acrobat +Inv rElec rC-}
  4570 | D:5      | Reached XP level 7. HP: 48/53 MP: 7/7
  4654 | D:5      | Noticed a redback
  4683 | D:5      | Noticed Edmund
  4709 | D:5      | Killed Edmund
  4834 | D:5      | Noticed a redback
  5061 | D:6      | Reached skill level 8 in Polearms
  5854 | D:6      | Found a staircase to the Ecumenical Temple.
  5860 | Temple   | Entered the Ecumenical Temple
  6062 | Temple   | Became a worshipper of Warmaster Okawaru
  6124 | D:6      | Reached XP level 8. HP: 61/61 MP: 8/8
  6323 | D:6      | Reached skill level 9 in Polearms
  6590 | D:6      | Found an ornate altar of the Wu Jian Council.
  6599 | D:6      | Found a snail-covered altar of Cheibriados.
  7295 | D:6      | Reached skill level 5 in Fighting
  7367 | D:6      | Reached * piety under Okawaru
  7748 | D:7      | Reached skill level 5 in Transmutations
  7907 | D:7      | Reached skill level 10 in Polearms
  8284 | D:7      | Identified the +3 kite shield "Ychireru" {+Blink rElec rC-}
  8304 | D:7      | Noticed Joseph
  8340 | D:7      | Reached XP level 9. HP: 61/68 MP: 9/9
  8708 | D:7      | Mangled by Joseph

Illustrated notes

Levels and vault maps discovered:
D:1:      evilmike_arrival_come_back, layout_basic,
          ebering_ecumenical_altar_sacrificial, chequers_arboretum
D:2:      kennysheep_the_goblin_king, layout_basic
D:3:      layout_loops_ring, uniq_sigmund, uniq_crazy_yiuf_cottage
D:4:      layout_basic, mainiacjoe_overflow_chevrons,
          mainiacjoe_overflow_small_starburst, gammafunk_ghost_mausoleum
D:5:      layout_loops_corners, abandoned_shop,
          minmay_guarded_unrand_staff_of_olgreb, uniq_edmund
D:6:      layout_loops_ring, minitemple, minmay_temple_entry_enclosed_plants,
          minmay_puff
D:7:      layout_loops_ring, zin_scriptorium, uniq_pikel, uniq_joseph
Temple:   bh_familiar_temple

Skill      XL: |  1  2  3  4  5  6  7  8 |
---------------+-------------------------+-----
Polearms       | 5 6 7 8 10 | 10.3
Transmutations | 1 2 3 5 |  5.2
Fighting       | 3 4 5 |  5.5
Dodging        | 5 6 7 |  7.1
Throwing       | 3 4 |  4.9
Shields        | |  0.3
Spellcasting   | |  0.2

Action                   |  1- 3 |  4- 6 |  7- 9 || total
-------------------------+-------+-------+-------++-------
Melee: Trident           |   123 |   205 |   252 ||   580
Throw: Stone             |     5 |    16 |     7 ||    28
       Dart              |       |    12 |    11 ||    23
       Throwing net      |       |       |     1 ||     1
Evoke: Wand              |       |       |     3 ||     3
 Stab: Sleeping          |     1 |     3 |     1 ||     5
Armor: Leather armour    |    28 |    48 |    46 ||   122
Dodge: Dodged            |    72 |   114 |   132 ||   318

Table legend: (Time is in decaauts)
 A = Elapsed time spent in this place.
 B = Non-inter-level travel time spent in this place.
 C = Inter-level travel time spent in this place.
 D = Time resting spent in this place.
 E = Time spent auto-exploring this place.
 F = Levels seen in this place.
 G = Mean time per level.
                   A        B        C        D        E       F      G
               +--------+--------+--------+--------+--------+-----+--------+
         Total |   8677 |   8514 |    163 |   1911 |   4206 |   8 | 1084.6 |
       Dungeon |   8452 |   8340 |    112 |   1911 |   4039 |   7 | 1207.4 |
        Temple |    224 |    173 |     51 |      0 |    167 |   1 |  224.0 |
               +--------+--------+--------+--------+--------+-----+--------+

Top non-repeatable levels by time:
     D:6: 2003 daAuts
     D:2: 1707 daAuts
     D:5: 1516 daAuts
     D:1: 938 daAuts
     D:7: 885 daAuts
     D:3: 723 daAuts
     D:4: 677 daAuts
  Temple: 224 daAuts
